 Dungeon Crawl Stone Soup version 0.29-a0-676-ga64570c9d2 (webtiles) character file.

Game seed: 16193686107053187905

284 Patoropollo the Shield-Bearer (level 6, -4/39 HPs)
             Began as a Gargoyle Fighter on June 25, 2022.
             Killed by nerve-wracking pain
             ... invoked by an orc priest
              (7 damage)
             ... on level 4 of the Dungeon.
             The game lasted 00:04:34 (3291 turns).

Patoropollo the Shield-Bearer (Gargoyle Fighter)    Turns: 3291, Time: 00:04:36

Health: -4/39      AC: 11    Str: 21    XL:     6   Next: 29%
Magic:  6/6        EV:  9    Int:  9    God:
Gold:   129        SH:  4    Dex:  9    Spells: 5/5 levels left

rFire   . . .      SeeInvis .   a - +0 flail
rCold   . . .      Faith    .   c - +0 buckler
rNeg    + . .      Spirit   .   b - +0 scale mail
rPois   ∞          Reflect  .   (no helmet)
rElec   +          Harm     .   (no cloak)
rCorr   .          Rampage  .   (no gloves)
Will    .....                   (no boots)
Stlth   ..........              (no amulet)
HPRegen 0.13/turn               (no ring)
MPRegen 0.10/turn               (no ring)

@: no status effects
A: sickness immunity, AC +4, negative energy resistance 1, electricity
resistance, torment resistance 1, petrification resistance
a: no special abilities


You were on level 4 of the Dungeon.
You visited 1 branch of the dungeon, and saw 4 of its levels.

You collected 129 gold pieces.

Inventory:

Hand Weapons
 a - a +0 flail (weapon)
Armour
 b - a +0 scale mail (worn)
 c - a +0 buckler (worn)
Jewellery
 m - an amulet of the acrobat
Scrolls
 e - 6 scrolls of identify {unknown}
 g - 4 scrolls of teleportation {unknown}
 h - 2 scrolls of summoning {unknown}
 i - a scroll of enchant weapon {unknown}
 l - a scroll of brand weapon {unknown}
 q - a scroll of fear {unknown}
 r - 2 scrolls of blinking {unknown}
Potions
 d - 2 potions of might
 f - a potion of resistance {unknown}
 j - a potion of attraction {unknown}
 k - a potion of brilliance {unknown}
 n - a potion of degeneration {unknown}
 o - a potion of berserk rage {unknown}
 p - a potion of flight {unknown}


   Skills:
 + Level 4.6 Fighting
 + Level 3.5 Maces & Flails
 + Level 4.6 Armour
 + Level 4.7 Shields


You had 5 spell levels left.
You didn't know any spells.
Your spell library contained the following spells:

 Spells                   Type           Power      Damage    Failure   Level
 Magic Dart               Conj           0%         1d3       80%         1
 Call Imp                 Summ           0%         N/A       91%         2
 Wereblood                Tmut           0%         N/A       91%         2
 Gell's Gravitas          Tloc           0%         N/A       99%         3
 Lesser Beckoning         Tloc           0%         N/A       99%         3
 Mephitic Cloud           Conj/Pois/Air  0%         N/A       99%         3
 Teleport Other           Tloc           0%         N/A       99%         3
 Passage of Golubria      Tloc           0%         N/A       100%        4
 Silence                  Hex/Air        0%         N/A       100%        5
 Summon Hydra             Summ           0%         N/A       100%        7
 Lehudib's Crystal Spear  Conj/Erth      0%         10d2      100%        8
 Sublimation of Blood     Necr           Unusable   N/A       N/A         2

Dungeon Overview and Level Annotations

Branches:
Dungeon (4/15)
 Temple: D:4-7

Altars:
Ashenzari
Fedhas
Gozag
Vehumet


Innate Abilities, Weirdness & Mutations

You are immune to sickness and miasma.
Your stone body is resilient. (AC +4)
You are immune to poison.
You resist negative energy. (rN+)
You are resistant to electric shocks. (rElec)
You are resistant to unholy torment.
You are immune to petrification.


Message History

The orc priest shouts!
You hear a shout!
The orc priest calls down the wrath of Beogh upon you.
Beogh smites you!
* * * LOW HITPOINT WARNING * * *
You hit the necrophage.
The necrophage is lightly damaged.
The necrophage barely misses you.
The necrophage hits you but does no damage.
You hit the necrophage.
The necrophage is moderately damaged.
The necrophage hits you but does no damage.
You barely miss the necrophage.
The necrophage is moderately damaged.
The necrophage hits you but does no damage.
The orc priest miscasts a cantrip.
You sock the necrophage!
The necrophage is severely damaged.
The necrophage hits you but does no damage.
An orc comes into view. It is wielding a +2 dagger of venom.
The orc priest calls down the wrath of Beogh upon you.
Pain shoots through your body!
* * * LOW HITPOINT WARNING * * *
The necrophage hits you.
* * * LOW HITPOINT WARNING * * *
The orc shouts!
You hit the necrophage but do no damage.
The necrophage is severely damaged.
You hear a shout!
The orc priest invokes the aid of Beogh against you.
Pain shoots through your body!
* * * LOW HITPOINT WARNING * * *
The necrophage hits you but does no damage.
You closely miss the necrophage.
The necrophage is severely damaged.
An orc comes into view. It is wielding a +0 mace.
The necrophage closely misses you.
An orc comes into view. It is wielding a +0 flail.
The orc priest invokes the aid of Beogh against you.
Pain shoots through your body!
You die...

)........#
.#######.# #.#
#.# #.# #.#
#.###
###n#.#.#.#
#..@.......
......#.#o#.#.#
#.####........K
##.#.#o#.#
......o. #.#
#.#.# ... ....
#.# #.# ... ..


You could see a necrophage, an orc priest and 2 orcs.

Vanquished Creatures
  A centaur (D:4)
  A necrophage (D:4)
  A hound (D:4)
  A jelly (D:2)
  An adder (D:3)
  2 worms
  4 dart slugs
  4 endoplasms
  4 giant cockroaches
  6 goblins
  7 hobgoblins
  10 kobolds
  2 quokkas (D:1)
  6 ball pythons
  5 bats
  4 frilled lizards
  3 rats
62 creatures vanquished.

Vanquished Creatures (others)
  A frilled lizard (D:3)
1 creature vanquished.

Grand Total: 63 creatures vanquished

Notes
Turn   | Place    | Note
-------+----------+-------------------------------------------
     0 | D:1      | Patoropollo the Gargoyle Fighter began the quest for the
                  | Orb.
     0 | D:1      | Reached XP level 1. HP: 14/14 MP: 1/1
   185 | D:1      | Reached XP level 2. HP: 19/19 MP: 2/2
  1096 | D:2      | Reached XP level 3. HP: 23/23 MP: 3/3
  1526 | D:2      | Reached XP level 4. HP: 29/29 MP: 4/4
  1787 | D:2      | Found a blossoming altar of Fedhas.
  2394 | D:3      | Found a radiant altar of Vehumet.
  2394 | D:3      | Found an opulent altar of Gozag.
  2395 | D:3      | Found a broken altar of Ashenzari.
  3153 | D:4      | Reached XP level 5. HP: 33/33 MP: 5/5
  3259 | D:4      | Noticed a centaur
  3274 | D:4      | Killed a centaur
  3275 | D:4      | Reached XP level 6. HP: 16/39 MP: 6/6
  3291 | D:4      | Killed from afar by an orc priest

Illustrated notes

Levels and vault maps discovered:
D:1:      ebering_hopf_link, layout_basic
D:2:      layout_basic, basic_altar, minmay_fractal_squares_gapless_5
D:3:      layout_loops_ring, grunt_temple_overflow_open, lemuel_old_faithful
D:4:      layout_loops_ring, gammafunk_ghost_nasty_kobolds, st_stairs_11,
          chequers_serial_rivers_micro_a, corexii_shack, corexii_corridor_pit

Skill      XL: |  1  2  3  4 |
---------------+-------------+-----
Shields        | 4 |  4.7
Fighting       | 4 |  4.6
Armour         | 4 |  4.6
Maces & Flails | 3 |  3.5

Action                   |  1- 3 |  4- 6 || total
-------------------------+-------+-------++-------
Melee: Flail             |    78 |   147 ||   225
Armor: Scale mail        |    40 |    95 ||   135
Dodge: Dodged            |    40 |    73 ||   113
Block: Buckler           |    23 |    41 ||    64

Table legend: (Time is in decaauts)
 A = Elapsed time spent in this place.
 B = Non-inter-level travel time spent in this place.
 C = Inter-level travel time spent in this place.
 D = Time resting spent in this place.
 E = Time spent auto-exploring this place.
 F = Levels seen in this place.
 G = Mean time per level.
                   A        B        C        D        E       F      G
               +--------+--------+--------+--------+--------+-----+--------+
         Total |   3357 |   3277 |     80 |      0 |   2733 |   4 |  839.2 |
       Dungeon |   3357 |   3277 |     80 |      0 |   2733 |   4 |  839.2 |
               +--------+--------+--------+--------+--------+-----+--------+

Top non-repeatable levels by time:
     D:2: 1205 daAuts
     D:1: 1054 daAuts
     D:3: 707 daAuts
     D:4: 389 daAuts
